Cogmind - Beta 15 @@@ ROGUE MODE // 2025.07.05 @ 15:15:27 Player: Waste Result: Destroyed by 1J-0Y9(R) with Subdweller Machine Gun Performance ------------- Evolutions (0) 0 Regions Visited (2) 400 Robots Destroyed (11) 55 Value Destroyed (350) 350 Prototype IDs (11) 220 Alien Tech Used (0) 0 Bonus (0) 0 TOTAL SCORE: 1025 Bonus ------- None Cogmind --------- Core Integrity 0/250 Matter 280/300 Energy 16/100 System Corruption 0% Temperature Cool (3) Movement Treading (160) Location -10/Subcaves Parts ------- > --- POWER (1) -------- (None) > --- PROPULSION (2) --- Light Treads Light Treads > --- UTILITY (2) ------ Disposable Heat Sink Small Storage Unit > --- WEAPON (2) ------- Subdweller Laser Subdweller Beam Cannon > --- INVENTORY (8) ---- Arachnoskeleton Makeshift System Shield Subdweller Laser Makeshift Spear Peak State ------------ > --- POWER ------------ Ion Engine > --- PROPULSION ------- Light Treads Light Treads > --- UTILITY ---------- Heat Sink Small Storage Unit > --- WEAPON ----------- Subdweller Laser Makeshift Spear > --- INVENTORY -------- Light Treads Light Treads Arachnoskeleton Assault Rifle Assault Rifle [Rating: 13] Favorites ----------- Power Ion Engine Engine Ion Engine Propulsion Light Treads Treads Light Treads Leg Aluminum Leg Utility Small Storage Unit Device Heat Sink Storage Small Storage Unit Weapon Subdweller Laser Energy Gun Subdweller Laser Energy Cannon Subdweller Beam Cannon Ballistic Gun Assault Rifle Piercing Weapon Makeshift Spear Build | -11 -10 -10 ------- Run | Yrd Mat Sub Slots Evolved . | . . . Power . | . . . Propulsion . | . . . Utility . | . . . Weapon . | . . . Parts Attached 15 | 1 2 12 Power 2 | . . 2 Engine 2 | . . 2 Core . | . . . Reactor . | . . . Propulsion 4 | . 2 2 Treads 4 | . 2 2 Leg . | . . . Wheel . | . . . Hover . | . . . Flight . | . . . Utility 2 | . . 2 Device 2 | . . 2 Storage . | . . . Processor . | . . . Hackware . | . . . Protection . | . . . Artifact . | . . . Weapon 7 | 1 . 6 Energy Gun 2 | . . 2 Energy Cannon 1 | . . 1 Ballistic Gun 3 | 1 . 2 Ballistic Cannon . | . . . Launcher . | . . . Special Weapon . | . . . Impact Weapon . | . . . Slashing Weapon . | . . . Piercing Weapon 1 | . . 1 Special Melee Weapon . | . . . Unidentified Prototypes . | . . . Parts Lost 4 | . . 4 Power 2 | . . 2 Propulsion 2 | . . 2 Utility . | . . . Weapon . | . . . Highest Loss Streak 3 | . . 3 To Critical Strikes . | . . . Average Backups 6 | 6 7 6 Power . | 1 1 . Propulsion 3 | 4 4 3 Utility . | . . . Weapon 2 | 1 2 2 Tool/Special . | . . . Unused Backups 7 | . 1 6 Power . | . . . Propulsion 3 | . . 3 Utility 1 | . . 1 Weapon 3 | . 1 2 Tool/Special . | . . . Average Slot Usage (%) 91 | . 85 92 Engine 8 | . 14 7 Treads 27 | . 25 27 Device 11 | . . 13 Storage 14 | . 14 14 Energy Gun 9 | . . 11 Energy Cannon 2 | . . 2 Ballistic Gun 12 | . 28 9 Piercing Weapon 3 | . . 4 Peak Build Rating 13 | 6 6 13 Average Rating 9 | 6 6 9 On Entrance 6 | 6 6 6 Naked Turns . | . . . Heaviest Build 23 | 13 13 23 Greatest Support 40 | 20 40 40 Greatest Overweight (x) . | . . . Average Overweight (x) . | . . . Largest Inventory Capacity 8 | 8 8 8 Average Capacity 8 | 8 8 8 Most Carried 8 | 6 8 8 Average Carried 7 | 6 7 7 Final Capacity 8 | 8 8 8 Final Carried 8 | 6 8 6 Class Distribution -------------------- 100% | Mutant Dominant Class ---------------- Mutant | -10/Materials Mutant | -10/Subcaves Resources | -11 -10 -10 ----------- Run | Yrd Mat Sub Matter Collected 435 | 174 55 206 Remotely . | . . . Salvage Created 404 | . 104 300 Parts 25 | . 8 17 Haulers Intercepted . | . . . Recyclers Shooed . | . . . Parts Field Recycled . | . . . Retrieved Matter . | . . . Parts Self-Destructed 6 | . . 6 Prevented . | . . . Kills | -11 -10 -10 ------- Run | Yrd Mat Sub Combat Hostiles Destroyed 11 | . 4 7 Guns 10 | . 4 6 Cannons 1 | . . 1 Classes Destroyed 4 | . 2 2 Swarmer 3 | . 3 . Grunt 3 | . 1 2 Sentry 1 | . . 1 Subdweller 4 | . . 4 Best Kill Streak 2 | . 2 2 Combat Bots Only 2 | . 2 2 Max Kills in Single Turn 1 | . 1 1 Gunslinging . | . . . Exploded . | . . . Melee . | . . . Uniques/NPCs Destroyed . | . . . Combat | -11 -10 -10 -------- Run | Yrd Mat Sub Hostile Shots Fired 82 | . 29 53 Missed 19 | . 6 13 Hits 63 | . 23 40 Projectile 63 | . 23 40 Critical Strikes 1 | . . 1 Damage Taken 983 | . 193 790 Core 256 | . 66 190 Absorbed by Shields . | . . . Core Remaining (%) 100 | 100 . . Volleys Fired 46 | . 15 31 Largest 2 | . 2 2 Hottest 140 | . 40 140 Shots Fired 90 | . 30 60 Gun 84 | . 30 54 Cannon 6 | . . 6 Launcher . | . . . Special . | . . . Kinetic 50 | . 30 20 Thermal 40 | . . 40 Explosive . | . . . Electromagnetic . | . . . Robot Hit Streak 24 | . 4 24 Robot Miss Streak 3 | . 3 2 Penetration Max . | . . . Secondary Targets 1 | . . 1 Max Gunslinging Chain 1 | . . 1 Shots Hit Robots 61 | . 16 45 Core Hits 18 | . 6 12 Critical Kills . | . . . Critical Parts Destroyed . | . . . Critical Strikes 1 | . . 1 Destroy 1 | . . 1 Melee Attacks 4 | . . 4 Impact . | . . . Slashing . | . . . Piercing 4 | . . 4 Sneak Attacks . | . . . Combat Hostiles . | . . . Follow-up Attacks . | . . . Damage Inflicted 1080 | . 160 920 Guns 910 | . 160 750 Cannons 170 | . . 170 Explosions . | . . . Melee . | . . . Ramming . | . . . Kinetic 321 | . 160 161 Thermal 759 | . . 759 Explosive . | . . . Electromagnetic . | . . . Impact . | . . . Slashing . | . . . Piercing . | . . . Highest Corruption . | . . . Average Corruption . | . . . Corruption Purged . | . . . Corruption Blocked . | . . . Overload Shots . | . . . Overflow Damage . | . . . Projectiles . | . . . Explosions . | . . . Melee . | . . . Knockbacks . | . . . Impact . | . . . Kinetic . | . . . Secondary . | . . . Self-Inflicted Damage . | . . . Shots . | . . . Rammed . | . . . Targets Rammed . | . . . Kicked . | . . . Crushed . | . . . Highest Temperature 83 | . 12 83 Average Temperature 23 | . 7 27 Received Heat Transfer 210 | . 36 174 Siege Activations . | . . . Martial Activations . | . . . Shielding Activations . | . . . Robots Disrupted . | . . . Combat Hostiles . | . . . Robots Corrupted . | . . . Combat Hostiles . | . . . Parts Fried . | . . . Impact Corruptions . | . . . Robots Melted . | . . . Combat Hostiles . | . . . Parts Melted . | . . . Heat Transferred 922 | . . 922 Parts Sabotaged . | . . . Parts Stolen . | . . . Parts Stripped . | . . . Power Chain Reactions . | . . . Alert | -11 -10 -10 ------- Run | Yrd Mat Sub Maximum Alert Level . | . . . Low Security (%) 100 | 100 100 . Level 1 . | . . . Level 2 . | . . . Level 3 . | . . . Level 4 . | . . . Level 5 . | . . . High Security . | . . . Max Security . | . . . Peak Influence 70 | . 70 . Initial . | . . . Average 26 | . 26 . Influence Increases 190 | . 120 70 Destroy 0b10 Robot/C 140 | . 80 60 Destroy Leader 20 | . 10 10 Lose Combat Pursuer 30 | . 30 . Influence Decreases 190 | . 70 120 Entered New Map 25 | . . 25 Time Decay 155 | . 70 85 Lost Part 10 | . . 10 Squads Dispatched . | . . . Investigation . | . . . Extermination . | . . . Reinforcement . | . . . Assault . | . . . Garrison . | . . . Intercept . | . . . Searches Triggered . | . . . Construction Impeded . | . . . Haulers Reinforced . | . . . Active Scanning Responses . | . . . Cargo Convoy Interrupts . | . . . Stealth | -11 -10 -10 --------- Run | Yrd Mat Sub Distress Signals 1 | . 1 . Communications Jammed . | . . . Distress Signals . | . . . Times Spotted 15 | . 7 8 Peak Tracking Total 5 | . 5 2 Tactical Retreats 1 | . 1 . Traps | -11 -10 -10 ------- Run | Yrd Mat Sub Traps Triggered 1 | . . 1 Indirectly . | . . . Trap Hack Attempts . | . . . Triggered . | . . . Disarmed . | . . . Reprogrammed . | . . . Reused . | . . . Traps Extracted . | . . . Installed . | . . . Triggered . | . . . Machines | -11 -10 -10 ---------- Run | Yrd Mat Sub Machines Disabled 1 | . . 1 Max in Single Turn 1 | . . 1 Machines Repaired . | . . . Machines Dismantled . | . . . Machines Sabotaged . | . . . Overloaded Fab Kills . | . . . Hacking | -11 -10 -10 --------- Run | Yrd Mat Sub Machines Accessed 3 | . 1 2 Terminals 1 | . 1 . Fabricators . | . . . Repair Stations . | . . . Recycling Units . | . . . Scanalyzers . | . . . Garrison Access . | . . . Total Hacks 8 | . 2 6 Successful 6 | . . 6 Failed 2 | . 2 . Catastrophic . | . . . Database Lockouts . | . . . Manual 2 | . 2 . Terminals 2 | . 2 . Fabricators . | . . . Repair Stations . | . . . Recycling Units . | . . . Scanalyzers . | . . . Garrison Access . | . . . Terminal Hacks 6 | . . 6 Record 5 | . . 5 Proto ID Catalog 1 | . . 1 Fabricator Hacks . | . . . Repair Station Hacks . | . . . Recycling Unit Hacks . | . . . Scanalyzer . | . . . Garrison Access Hacks . | . . . Unauthorized Hacks . | . . . Terminals . | . . . Fabricators . | . . . Repair Stations . | . . . Recycling Units . | . . . Scanalyzers . | . . . Garrison Access . | . . . Data Cores Recovered . | . . . Used . | . . . Hacking Detections 1 | . 1 . Full Trace Events . | . . . Feedback Events . | . . . Feedback Blocked . | . . . Robot Schematics Acquired . | . . . Robots Built . | . . . Authchips . | . . . Time . | . . . Total Robot Build Rating . | . . . Part Schematics Acquired . | . . . Parts Built . | . . . Authchips . | . . . Time . | . . . Total Part Build Rating . | . . . Parts Repaired . | . . . Time . | . . . Parts Recycled . | . . . Recycled Matter . | . . . Retrieved Matter . | . . . Retrieved Components . | . . . Parts Scanalyzed . | . . . Part Schematics Acquired . | . . . Parts Damaged . | . . . Bothacking | -11 -10 -10 ------------ Run | Yrd Mat Sub Used RIF Installer . | . . . Robots Hacked . | . . . Non-combat . | . . . Combat . | . . . Robot Hacks Applied . | . . . Relay Couplers Released . | . . . Fabnet Peak Effective % . | . . . Robots Rewired . | . . . Allies Hacked . | . . . Hacks Repelled . | . . . Allies | -11 -10 -10 -------- Run | Yrd Mat Sub Total Allies . | . . . Largest Group . | . . . Highest-Rated Group . | . . . Highest-Rated Ally . | . . . Total Orders . | . . . Ally Attacks . | . . . Total Damage . | . . . Kills . | . . . Allies Corrupted . | . . . Allies Melted . | . . . Intel | -11 -10 -10 ------- Run | Yrd Mat Sub Active Infowar (turns) . | . . . Robot Analysis Total . | . . . Derelict Logs Recovered 1 | . . 1 Drone Launches . | . . . Drone Recoveries . | . . . Exploration | -11 -10 -10 ------------- Run | Yrd Mat Sub Turns Passed 1809 | 2 266 1541 Spaces Moved 982 | 1 116 865 Core . | . . . Treads 975 | . 110 865 Legs 7 | 1 6 . Wheels . | . . . Hover . | . . . Flight . | . . . Fastest Speed 120 | 120 120 160 Average Speed 159 | 120 157 160 Slowest Speed 160 | 120 160 160 Overloaded Moves . | . . . Propulsion Burnouts . | . . . Robots Hopped . | . . . Potential Cave-ins . | . . . Cave-ins Triggered . | . . . Exploration Rate (%) 23 | 2 20 48 Regions Visited 2 Branch Regions 1 Pre-discovered Areas 2 | . . 2 Known Exits Taken . | . . . Unknown Exits Taken 2 | 1 1 . Scrap Searched 2 | . . 2 Spaces Dug . | . . . Terrain Destroyed . | . . . Melee . | . . . Projectile . | . . . AOE . | . . . Terrain Rammed . | . . . Walls Destroyed . | . . . Machines Disabled . | . . . Actions | -11 -10 -10 --------- Run | Yrd Mat Sub Total 1130 | 1 172 957 Wait 67 | . 32 35 Move 980 | . 115 865 Hop . | . . . Pick Up 9 | . 5 4 Fast Attach 1 | . . 1 Attach 3 | . . 3 Detach . | . . . Swap 11 | 1 2 8 Drop 9 | . 3 6 Fire 46 | . 15 31 Melee 4 | . . 4 Ram . | . . . Kick . | . . . Crush . | . . . Escape Stasis . | . . . Rewire . | . . . Trap . | . . . Miscellaneous . | . . . Route ------- -11/Scrapyard -10/Materials (discovered 2 exits: [*Min] / *Sub) -10/Subcaves History --------- Turn | Location | Event 3 | -11/Scrapyard | Discovered new exit (range 0) 3 | -11/Scrapyard | Entered Materials 104 | -10/Materials | Discovered new exit (range 16) 259 | -10/Materials | Discovered new exit (range 6) 269 | -10/Materials | Entered Subcaves 273 | -10/Subcaves | Learned location of Zion (-7) 308 | -10/Subcaves | Build established: Mutant 413 | -10/Subcaves | Visited Clippyterm 418 | -10/Subcaves | Learned location of Extension (-4) 418 | -10/Subcaves | Learned Factory stockpile data 728 | -10/Subcaves | Shifting Twisted Machinery released Mak. Spear 974 | -10/Subcaves | Visited 4L-MR0's lab 990 | -10/Subcaves | Found Arachnoskeleton 1314 | -10/Subcaves | Core integrity fell below 50% 1504 | -10/Subcaves | Disturbed a concealed Subdweller 1801 | -10/Subcaves | Core integrity fell below 20% 1810 | -10/Subcaves | Destroyed by 1J-0Y9(R) with Subdweller Machine Gun Last Messages --------------- 01524_ VU-ZZG(R) destroyed. 01527_ Acquired 33 matter. 01537_ Searching scrap... 01537_ Found Sub. Monowheel. 01537_ Found 66 Matter. 01545_ Searching scrap... 01545_ Found Sub. Beam Cannon. 01545_ Found Mak. System Shield. 01545_ Found 64 Matter. 01548_ Acquired Sub. Beam Cannon. 01550_ Dropped Assault Rifle. 01551_ Acquired Sub. Laser. 01553_ Acquired Mak. System Shield. 01554_ Acquired 10 matter. 01574_ Subatomizers dissect the Sub. Monowheel. 01636_ ZE-M34(u) builds Twisted Machinery. 01793_ 76-FKE(R) suffers critical hit (Destroy). 01794_ Ion Engine destroyed. 01796_ Lgt. Treads destroyed. 01801_ 76-FKE(R) destroyed. Map ----- +----------------------------------------------------+ | ???????????????????## # #???????????????????# | | ???????????????????# #??????????????????## | | ???????????????????## #??????????????##### | | ??????????????????## ##?????????????## | | ??????????????????# ####?????????????## | | ??????????????????# #????????????????# | | ?????????????????## ##??#######???????# | | ?????????????????# #??# #?????### | | ????????????????## ##?? #?##??# | | ????????????????# ##?? #?## ### | | ????????????#####" ### #?## ## | | ????????????# # " ### #### | | ????????????# ## ##??# | | ????????????# ## ### #???# | | ????????????# #" ### ## #??## | | ????????????## ## ##? #### #### | | ????????????? # ### #??# ## | | ????????????" ## #### | | ???????????""" ## ## | | ???????????" " ### #### ## | | ??????????" "#### ##?## ### | | ??????????###?# #??# #### # | | ??????????????## #### ##?## #?## ##### | | ???????????????## ##??#[ ##?# #### ### # | | ????????????????# #??##%R #?# | | ???????????????# #?#@! ### | | ???????????????## ## ## ### | | ????????????????## ## #### ### #?? | | ?????????????????## ######??#####?# ##? | | ??????????????????# ##?????????????# ## | | ?????????????????? #??????????????## ## | | ?????????????????? #???????????????##### ## | | ?????????????????? ###?????????????????### ### | | ?????????????????? #???????????????????# ### | | ?????????????????? #???????????????????# ## | | ?????????????????? ???????????????????# # | | ?????????????????? ???????????????????## | | ?????????????????? ????????????????????# #### | | ?????????????????? ????????????????????# ##??? | | ?????????????????? ?????????????????????# #???? | | ?????????????????????????????????????????# ##??? | | ?????????????????????????????????????????# ##?? | | ????????????????????????????????????????## #?? | | ????????????????????????????????????????# #?? | | ????????????????????????????????????????### ##? | | ??????????????????????????????????????## ## ## | | ??????????????????????????????????????# # | | ??????????????????????????????????????# | | ??????????????????????????????????????## | | ???????????????????????????????????????#### # | +----------------------------------------------------+ Best States ------------- Heat Dissipation 35 Coolant Potential 50 Energy Generation 10 Energy Capacity 250 Matter Stores 300 Matter Capacity 300 Sight Range 16 Terrain Scan Density 10 Evasion (%) 55 Recoil Reduction 2 Item Schematics ----------------- None Robot Schematics ------------------ None Fabricated ------------ Nothing Repaired ---------- Nothing Alien Tech Used ----------------- None Achievements -------------- None Challenges ------------ None Game ------ Seed DeuteriumExperimentalScreen Manual? 0 Play Time 00:10:04 Cumulative 394.0 hours Start 2025.07.05 @ 15:09:36 End 2025.07.05 @ 15:15:27 Sessions 1 Manual Loads 0 Difficulty Rogue Special Mode None Game No. 487 Rogue 487 Adventurer 0 Explorer 0 Win Type - Total 30 Types 14/1/9/1/1/1/0/1/1/1 Lore% 87 Gallery% 80 Achievement% 77 Wizard Run 0 Options --------- Layout 0 ASCII 0 Keyboard 0 Movement Numpad Keybinds 0 Fullscreen 1 Font 18/SmallcapsGlow Map View 76x50 Zoom Use 0% Tactical HUD 1 Map Filters NONE Filters NONE Steam 1 RUN: dd175671-00b8-4423-9e5d-e587523d06ef